 Dungeon Crawl Stone Soup version 0.17-a0-1324-ga541562 (webtiles) character file.

12392 Raurakos the Martial Artist (level 11, -5/48 HPs)
             Began as a Vine Stalker Transmuter on June 9, 2015.
             Was a High Priest of Makhleb.
             Slain by an eight-headed hydra (9 damage)
             ... on level 2 of the Lair of Beasts.
             The game lasted 01:15:30 (11854 turns).

Raurakos the Martial Artist (VSTm)                 Turns: 11854, Time: 01:15:30

Health: -5/48      AC:  9    Str: 12    XL:     11   Next: 92%
Magic:  0/15       EV: 16    Int: 13    God:    Makhleb [*****.]
Gold:   670        SH:  0    Dex: 19    Spells: 4 memorised, 1 level left

rFire  . . .     SeeInvis .       - Unarmed
rCold  . . .     Clarity  .     x - +0 leather armour
rNeg   . . .     SustAt   .     (no shield)
rPois  .         Gourm    .     R - +0 helmet (curse)
rElec  .         Spirit   +     J - +0 cloak {+Inv}
rCorr  .         Warding  .     A - +0 pair of gloves
rMut   .         Stasis   .     O - +2 pair of boots {Fly}
MR     ++...                    m - amulet of regeneration
Stlth  +++.......               r - ring of protection from magic
                                k - ring of stealth

@: flying, very resistant to hostile enchantments, fairly stealthy
A: fangs 3, repulsion field 1, regeneration 2, magic shield, antimagic bite, no
device heal 3, rot immunity
a: Minor Destruction, Lesser Servant of Makhleb, Major Destruction, Greater
Servant of Makhleb, Renounce Religion, Evoke Invisibility, Stop Flying


You were on level 2 of the Lair of Beasts.
You worshipped Makhleb.
Makhleb was extremely pleased with you.
You were not hungry.

You visited 3 branches of the dungeon, and saw 13 of its levels.
You also visited: Labyrinth.

You collected 670 gold pieces.

Inventory:

Armour
 x - a +0 leather armour (worn)
 A - a +0 pair of gloves (worn)
 J - a +0 cloak of invisibility (worn)
 O - a +2 pair of boots of flying (worn)
 R - a cursed +0 helmet (worn)
Jewellery
 k - a ring of stealth (left hand)
 m - an amulet of regeneration (around neck)
 p - an uncursed amulet of resist corrosion
 r - a ring of protection from magic (right hand)
 y - an uncursed ring of sustain attributes
 z - an uncursed amulet of stasis
Magical devices
 b - a wand of draining (4)
 c - a wand of lightning (5)
 e - a wand of cold (8)
 I - a wand of confusion (26)
 N - a wand of paralysis (12)
Scrolls
 f - 4 scrolls of recharging
 g - 2 scrolls of fog
 h - 9 scrolls of remove curse {unknown}
 o - a scroll of immolation {unknown}
 s - 4 scrolls of magic mapping
 v - a scroll of summoning
 C - 2 scrolls of noise {unknown}
 H - a scroll of enchant armour {unknown}
 L - 4 scrolls of teleportation {unknown}
Potions
 i - 6 potions of curing
 q - 2 potions of haste
 u - a potion of invisibility
 D - a potion of resistance
 F - 2 potions of magic
 M - a potion of ambrosia
 P - 2 potions of brilliance
Comestibles
 a - a meat ration
 d - 5 bread rations
 j - a chunk of flesh


   Skills:
 - Level 0.8 Fighting
 - Level 2.0 Armour
 - Level 4.0 Dodging
 - Level 12.0 Unarmed Combat
 - Level 2.1 Spellcasting
 - Level 5.0 Charms
 - Level 5.0 Translocations
 - Level 10.0 Transmutations
 - Level 4.0 Poison Magic
 + Level 4.2 Invocations


You had one spell level left.
You knew the following spells:

 Your Spells              Type           Power        Failure   Level  Hunger
a - Spider Form           Trmt/Pois      ###.......   6%          3    ####...
b - Blade Hands           Trmt           ####......   14%         5    ######.
c - Regeneration          Chrm/Necr      #.........   34%         3    ####...
d - Shroud of Golubria    Chrm/Tloc      ##........   8%          2    ###....


Dungeon Overview and Level Annotations

Branches:
Dungeon (10/15)            Temple (1/1) D:7            Lair (2/8) D:10
    Orc (0/4) D:9

Altars:
Cheibriados
Dithmenos
Elyvilon
Kikubaaqudgha
Makhleb
Nemelex Xobeh
Okawaru
Qazlal
Ru
Sif Muna
Trog
Zin
The Shining One

Shops:
D:7 }

Annotations:
D:8 asdu's ghost, experienced VSBe
Lair:1 1 exclusion


Innate Abilities, Weirdness & Mutations

You have razor-sharp teeth.
You heal very quickly.
When hurt, damage is shared between your health and your magic reserves.
Your bite disrupts and absorbs the magic of your enemies.
Potions and wands cannot restore your health.
You are immune to rotting.
You are surrounded by a mild repulsion field (EV +2).


Message History

The eight-headed hydra is moderately wounded.
The eight-headed hydra bites you! The eight-headed hydra bites you.
The eight-headed hydra barely misses you.
The eight-headed hydra misses you.
The eight-headed hydra completely misses you.
The eight-headed hydra bites you! The eight-headed hydra misses you.
The eight-headed hydra completely misses you.
You hit the eight-headed hydra.
The eight-headed hydra is moderately wounded.
Your neqoxec gestures.
You punch the eight-headed hydra!
The eight-headed hydra is heavily wounded.
The eight-headed hydra bites you. The eight-headed hydra bites you!
The eight-headed hydra bites you. The eight-headed hydra bites you!
* * * LOW HITPOINT WARNING * * *
The eight-headed hydra bites you!
* * * LOW HITPOINT WARNING * * *
The eight-headed hydra bites you but does no damage.
The eight-headed hydra bites you!
You die...

#.........#
##.........#
#P.......PP# #
#........##.# .......
##........... .......
#.........## ...F...
#...5.3...# ...D....
#[....D...# ........
#..#P##@+### #......<
# ## ##..# #.....r.
##.## ###..P##+
##..#### ........
####.#..#.###+P#..#.
#........##.........
#........##.........
+........##.........
#..........#.........


You could see an eight-headed hydra, a friendly neqoxec and a friendly iron imp.

Vanquished Creatures
  A minotaur (Lab)
  A black mamba (Lair:1)
  A spiny frog (Lair:2)
  4 komodo dragons
  A fire drake (Lair:2)
  A queen bee (D:9)
  A troll (D:9)
  Prince Ribbit (D:7)
  A deep elf mage (D:9)
  A two-headed ogre (D:8)
  4 humans (D:9)
  A wraith (D:9)
  A steam dragon (D:9)
  A deep elf fighter (D:10)
  9 yaks
  4 hippogriffs
  4 porcupines
  2 phantoms
  A black bear (Lair:1)
  An orc warrior (D:10)
  3 centaurs
  2 ice beasts
  5 ogres
  A necrophage (D:9)
  4 crocodiles
  10 giant frogs
  4 scorpions
  4 wights (D:8)
  30 killer bees (D:9)
  A centaur skeleton (D:4)
  2 centaur zombies
  4 crimson imps
  An orc priest (D:10)
  3 jellies (D:9)
  2 hounds
  A giant frog skeleton (D:10)
  9 worker ants
  9 orc wizards
  A killer bee zombie (D:9)
  5 iguanas
  4 sheep
  2 hound zombies (D:6)
  A hound skeleton (D:6)
  4 gnolls (D:7)
  A worker ant zombie (D:9)
  7 adders
  26 river rats
  2 shadow imps
  6 oozes
  3 adder skeletons
  3 worms
  6 giant geckos
  27 orcs
  20 bats
  3 bat skeletons
  8 goblins
  17 hobgoblins
  3 quokkas
  5 giant cockroaches
  5 giant newts
  20 kobolds
  2 quokka skeletons
  A quokka zombie (D:8)
  38 rats
  A plant (D:10)
357 creatures vanquished.

Vanquished Creatures (others)
  A fungus (D:10)
1 creature vanquished.

Grand Total: 358 creatures vanquished

Notes
Turn   | Place    | Note
--------------------------------------------------------------
     0 | D:1      | Raurakos the Vine Stalker Transmuter began the quest for the Orb.
     0 | D:1      | Reached XP level 1. HP: 9/9 MP: 4/4
   233 | D:1      | Reached XP level 2. HP: 10/14 MP: 6/6
   524 | D:1      | Reached skill level 4 in Unarmed Combat
   541 | D:1      | Reached XP level 3. HP: 14/17 MP: 7/7
  1106 | D:2      | Reached XP level 4. HP: 21/21 MP: 8/8
  1660 | D:3      | Found a white marble altar of Elyvilon.
  1745 | D:3      | Noticed an orc warrior
  2087 | D:3      | Reached skill level 5 in Unarmed Combat
  2815 | D:4      | Reached XP level 5. HP: 22/25 MP: 9/9
  2860 | D:4      | Noticed an ogre
  3063 | D:4      | Reached skill level 6 in Unarmed Combat
  3130 | D:4      | Found a glowing golden altar of the Shining One.
  3133 | D:4      | Noticed a phantom
  3343 | D:4      | Gained mutation: You heal very quickly. [Vine Stalker growth]
  3343 | D:4      | Reached XP level 6. HP: 23/29 MP: 7/10
  3484 | D:4      | Found a shadowy altar of Dithmenos.
  3511 | D:4      | Found an iron altar of Okawaru.
  3636 | D:4      | Killed a phantom
  3636 | D:4      | Reached skill level 7 in Unarmed Combat
  3803 | D:5      | Entered Level 5 of the Dungeon
  3858 | D:5      | Reached XP level 7. HP: 32/32 MP: 11/11
  3905 | D:5      | Learned a level 3 spell: Spider Form
  3911 | D:5      | Learned a level 5 spell: Blade Hands
  4040 | D:5      | Reached skill level 1 in Armour
  4843 | D:5      | Found a snail-covered altar of Cheibriados.
  5042 | D:6      | Gained mutation: You have razor-sharp teeth. [Vine Stalker growth]
  5042 | D:6      | Reached XP level 8. HP: 37/37 MP: 12/12
  5342 | D:6      | Reached skill level 1 in Poison Magic
  5616 | D:6      | Found a sparkling altar of Nemelex Xobeh.
  6075 | D:7      | Noticed Prince Ribbit
  6083 | D:7      | Killed Prince Ribbit
  6083 | D:7      | Reached skill level 5 in Transmutations
  6239 | D:7      | Reached XP level 9. HP: 25/40 MP: 6/13
  6403 | D:7      | Found a glowing silver altar of Zin.
  6446 | D:7      | Found Diczie's Gadget Emporium.
  6499 | D:7      | Found a staircase to the Ecumenical Temple.
  6508 | Temple   | Entered the Ecumenical Temple
  6526 | Temple   | Became a worshipper of Makhleb the Destroyer
  6749 | D:7      | Gained mutation: You are surrounded by a mild repulsion field (EV +2). [potion of beneficial mutation]
  6904 | D:8      | Noticed asdu's ghost (experienced VSBe)
  7188 | D:8      | Reached skill level 8 in Unarmed Combat
  7445 | D:8      | Learned a level 2 spell: Shroud of Golubria
  7490 | D:8      | Reached skill level 9 in Unarmed Combat
  7493 | D:8      | Acquired Makhleb's first power
  7561 | D:8      | Found a sacrificial altar of Ru.
  7779 | D:9      | Reached skill level 10 in Unarmed Combat
  7866 | D:9      | Found a staircase to the Orcish Mines.
  7937 | D:9      | Reached XP level 10. HP: 38/44 MP: 14/14
  8124 | D:9      | Acquired Makhleb's second power
  8124 | D:9      | Reached skill level 11 in Unarmed Combat
  8361 | D:9      | Reached skill level 12 in Unarmed Combat
  8376 | D:9      | Reached skill level 1 in Translocations
  8378 | D:9      | Reached skill level 1 in Charms
  9162 | D:9      | Acquired Makhleb's third power
  9398 | D:9      | Reached XP level 11. HP: 41/48 MP: 13/15
  9498 | D:10     | Entered Level 10 of the Dungeon
  9687 | D:10     | Acquired Makhleb's fourth power
  9759 | D:10     | Found a staircase to the Lair.
  9767 | D:10     | Reached skill level 5 in Charms
  9767 | D:10     | Reached skill level 5 in Translocations
 10407 | Lair:1   | Entered Level 1 of the Lair of Beasts
 10471 | Lair:1   | Noticed an eight-headed hydra
 10567 | Lair:1   | Found a labyrinth entrance.
 10574 | Lab      | Entered a labyrinth
 10722 | Lab      | Noticed a minotaur
 10731 | Lab      | Killed a minotaur
 10748 | Lab      | Got a brightly glowing plate armour
 10796 | Lair:1   | Acquired Makhleb's fifth power
 10971 | Lair:1   | Learned a level 3 spell: Regeneration
 10992 | Lair:1   | Identified the +6 plate armour "Douf" {rC+ rN+ Str-4} (You found it in a labyrinth)
 11577 | Lair:2   | Reached skill level 10 in Transmutations
 11627 | Lair:2   | Reached skill level 1 in Invocations
 11770 | Lair:2   | Noticed an eight-headed hydra
 11854 | Lair:2   | Slain by an eight-headed hydra

Vault maps used:
D:1:      evilmike_arrival_rings, st_stairs_9, minmay_surrounded
D:3:      elyvilon_altar_3
D:4:      lemuel_crystal_altar, minitemple, first_bread, dk_rats_in_the_wall
D:5:      nicolae_overflow_hidden_temple
D:6:      nemelex_xobeh_ov_fountains_minmay, st_stairs_7
D:7:      kennysheep_little_box, minmay_temple_entry_statues, serial_shops,
          shop, uniq_prince_ribbit1
D:8:      nicolae_ru_sacrificial_ziggurat, uniq_pikel
D:9:      orc_0_dummy, special_room, hangedman_little_slice_of_home,
          grunt_ministairs_11, grunt_decor_mini_mirrors, minmay_ruffians
D:10:     grunt_lair_entry_elf_guard_hut
Temple:   water_room_temple_b_12
Lair:1:   lab_entry_generic, serial_bayou_pond_d, minmay_holes
Lab:      labyrinth_green, nicolae_lab_arrow

Action                   |  1- 3 |  4- 6 |  7- 9 | 10-12 || total
-------------------------+-------+-------+-------+-------++-------
Melee: Unarmed           |   124 |   242 |   375 |   540 ||  1281
Throw: Stone             |    46 |    33 |   103 |     3 ||   185
 Cast: Beastly Appendage |     1 |       |       |       ||     1
       Spider Form       |       |       |    11 |    16 ||    27
       Blade Hands       |       |       |       |     7 ||     7
       Shroud of Golubri |       |       |       |     1 ||     1
Invok: Minor Destruction |       |       |       |    21 ||    21
       Lesser Servant of |       |       |       |     1 ||     1
Evoke: Wand              |       |       |     2 |       ||     2
  Use: Scroll            |       |       |    12 |     5 ||    17
       Potion            |       |       |     1 |     2 ||     3
 Stab: Sleeping          |     2 |     1 |     6 |    18 ||    27
       Distracted        |       |     1 |       |       ||     1
       Paralysed         |       |       |     3 |       ||     3
  Eat: Chunk             |     1 |     9 |    13 |    20 ||    43
       Pizza             |       |       |       |     1 ||     1
